 Dungeon Crawl Stone Soup version 0.28.0 (webtiles) character file.

Game seed: 18168825550869136586

153 ReploidZero the Covert (level 5, -9/30 HPs)
             Began as a Kobold Brigand on Feb 9, 2022.
             Killed from afar by an electric eel (13 damage)
             ... with a bolt of electricity
             ... on level 3 of the Dungeon.
             The game lasted 00:04:49 (2206 turns).

ReploidZero the Covert (Kobold Brigand)             Turns: 2206, Time: 00:04:49

Health: -9/30      AC:  4    Str:  8    XL:     5   Next: 61%
Magic:  5/5        EV: 14    Int: 13    God:
Gold:   118        SH:  0    Dex: 18    Spells: 4/4 levels left

rFire   . . .      SeeInvis .   a - +2 dagger
rCold   . . .      Faith    .   (no shield)
rNeg    . . .      Spirit   .   b - +0 robe
rPois   .          Reflect  .   l - +0 helmet
rElec   .          Harm     .   c - +0 cloak
rCorr   .          Rampage  .   (no gloves)
Will    .....                   (no boots)
Stlth   +++.......              (no amulet)
HPRegen 0.10/turn               f - ring of wizardry
MPRegen 0.09/turn               (no ring)

@: very slow
A: small, no large weapons, nightstalker 3
a: no special abilities


You were on level 3 of the Dungeon.
You visited 1 branch of the dungeon, and saw 3 of its levels.

You collected 118 gold pieces.

Inventory:

Hand Weapons
 a - a +2 dagger (weapon)
Missiles
 d - 8 poisoned darts
 e - a curare-tipped dart (quivered)
Armour
 b - a +0 robe (worn)
 c - a +0 cloak (worn)
 l - a +0 helmet (worn)
Jewellery
 f - a ring of wizardry (left hand)
 i - a ring of fire
Wands
 m - a wand of flame (13)
Scrolls
 j - a scroll of identify
Potions
 g - a potion of curing
 h - 2 potions of resistance {unknown}
 k - a potion of heal wounds {unknown}


   Skills:
 - Level 2.1 Fighting
 - Level 2.6 Short Blades
 - Level 2.1 Throwing
 - Level 1.2 Dodging
 * Level 9.0 Stealth


You had 4 spell levels left.
You didn't know any spells.
Your spell library was empty.

Dungeon Overview and Level Annotations

Branches:
Dungeon (3/15)

Altars:
Okawaru


Innate Abilities, Weirdness & Mutations

You are small and have problems with some larger weapons.
You are completely attuned to the shadows.


Message History

The adder bites you but does no damage.
You closely miss the adder.
The adder is heavily wounded.
The adder bites you but does no damage.
You barely miss the adder.
The adder is heavily wounded.
The adder bites you but does no damage.
You miss the adder.
The adder is heavily wounded.
The adder misses you.
The orc priest shouts!
You hit the adder.
The adder is severely wounded.
The adder barely misses you.
You hit the adder.
You kill the adder!
Your Stealth skill increases to level 9! 2 electric eels come into view.
There is an open door here.
An electric eel comes into view.
You hit the plant.
The plant begins to die.
The plant is lightly damaged.
You enter the shallow water.
Moving in this stuff is going to be slow.
A nearby plant withers and dies.
Found a golden potion.
The electric eel shoots out a bolt of lightning at you!
The bolt of electricity hits you!
You hit the electric eel.
The electric eel is lightly wounded.
You hear the rapid rusting of a very distant drain.
Your unstable footing causes you to fumble your attack.
The electric eel shoots out a bolt of lightning at you!
The bolt of electricity hits you!
* * * LOW HITPOINT WARNING * * *
The bolt of electricity hits the electric eel.
The electric eel completely resists.
The electric eel shoots out a bolt of lightning at you!
The bolt of electricity hits you!
You die...

###########
..............# #
#############.##..# #
P#≈≈≈S≈≈≈#P8#.##..# #
.#P≈S@≈..#..#..#..# #
!+≈≈≈⌠≈..'.©#o...{####
.#≈≈≈S≈..#..#o.......'
P#≈≈≈≈≈≈≈#P8#.###.####
#############......# #
...........#.#..#
....#....#
............# ..
#......#....#


You could see 3 electric eels.

Vanquished Creatures
  Natasha (twice) (D:2)
  2 gnolls
  3 adders
  A dart slug (D:1)
  4 ball pythons (D:2)
  5 bats
  9 endoplasms
  2 giant cockroaches
  4 goblins
  5 hobgoblins
  7 kobolds
  2 quokkas
  5 frilled lizards
  4 rats
55 creatures vanquished.

Vanquished Creatures (others)
  A plant (D:3)
1 creature vanquished.

Grand Total: 56 creatures vanquished

Notes
Turn   | Place    | Note
-------+----------+-------------------------------------------
     0 | D:1      | ReploidZero the Kobold Brigand began the quest for the Orb.
     0 | D:1      | Reached XP level 1. HP: 12/12 MP: 1/1
   218 | D:1      | Reached XP level 2. HP: 17/17 MP: 2/2
   245 | D:1      | Reached skill level 6 in Stealth
   499 | D:1      | Reached XP level 3. HP: 21/21 MP: 3/3
   929 | D:2      | Reached skill level 7 in Stealth
  1038 | D:2      | Found an iron altar of Okawaru.
  1185 | D:2      | Noticed Natasha
  1188 | D:2      | Killed Natasha
  1189 | D:2      | Reached XP level 4. HP: 26/26 MP: 4/4
  1215 | D:2      | Noticed Natasha
  1227 | D:2      | Killed Natasha
  1228 | D:2      | Reached skill level 8 in Stealth
  1412 | D:2      | Reached XP level 5. HP: 19/30 MP: 5/5
  2118 | D:3      | Found a faded altar of an unknown god.
  2157 | D:3      | Found a transporter.
  2197 | D:3      | Reached skill level 9 in Stealth
  2206 | D:3      | Killed from afar by an electric eel

Illustrated notes

Levels and vault maps discovered:
D:1:      minmay_arrival_jagged, layout_loops_ring,
          chequers_serial_rivers_large_a
D:2:      kennysheep_six_static_rooms, layout_rooms, basic_altar, uniq_natasha
D:3:      gammafunk_steamed_eel, layout_basic, nicolae_uskayaw_suspiria,
          hellmonk_ecumenical_altar_inner_sanctum, cheibrodos_sewer_entry_bend,
          nicolae_grassy_gnolls

Skill      XL: |  1  2  3  4  5 |
---------------+----------------+-----
Stealth        | 6 7 8 9 |  9.0
Fighting       | |  2.1
Short Blades   | |  2.6
Throwing       | |  2.1
Dodging        | |  1.2

Action                   |  1- 3 |  4- 6 || total
-------------------------+-------+-------++-------
Melee: Dagger            |    65 |    65 ||   130
       Punch             |       |     1 ||     1
Throw: Dart              |     2 |     5 ||     7
  Use: Scroll            |       |     1 ||     1
 Stab: Sleeping          |    19 |    14 ||    33
Armor: Robe              |     6 |    13 ||    19
Dodge: Dodged            |    46 |    36 ||    82
